 Dungeon Crawl Stone Soup version 0.30-a0-694-g3340775977 (webtiles) character file.

Game seed: 14230046558028235325

95 Alitron123 the Trooper (level 4, -1/73 HPs)
             Began as an Ogre Berserker on Jan 20, 2023.
             Was a Follower of Trog.
             Slain by an orc priest
             ... wielding a +0 dagger
              (2 damage)
             ... on level 3 of the Dungeon.
             The game lasted 00:03:04 (2062 turns).

Alitron123 the Trooper (Ogre Berserker)             Turns: 2062, Time: 00:03:04

Health: -1/73      AC:  3    Str: 23    XL:     4   Next: 65%
Magic:  4/4        EV: 10    Int:  8    God:    Trog [*.....]
Gold:   108        SH:  0    Dex:  8    Spells: 3/3 levels left

rFire   x . .      SeeInvis .    a - +0 spear
rCold   + . .      Faith    .    (no shield)
rNeg    . . .      Spirit   .    b - +0 animal skin
rPois   .          Reflect  .    (helmet restricted)
rElec   .          Harm     .    (no cloak)
rCorr   .          Rampage  .    (gloves unavailable)
Will    .....                    (boots unavailable) Stlth
                                 (no amulet)
HPRegen 0.32/turn                d - ring of ice
MPRegen 0.09/turn                (no ring)

@: berserking, very quick
A: large, unfitting armour, tough skin 1
a: Renounce Religion, Berserk


You were on level 3 of the Dungeon.
You worshipped Trog.
Trog was aware of your devotion.
You visited 1 branch of the dungeon, and saw 3 of its levels.

You collected 108 gold pieces.

Inventory:

Hand Weapons
 a - a +0 spear (weapon)
Armour
 b - a +0 animal skin (worn)
Jewellery
 d - a ring of ice (left hand)
Scrolls
 e - 3 scrolls of identify {unknown}
 f - a scroll of teleportation {unknown}
 h - a scroll of magic mapping {unknown}
 j - 3 scrolls of torment {unknown}
 l - a scroll of noise {unknown}
 m - a scroll of blinking {unknown}
Potions
 c - a potion of cancellation {unknown}
 g - 2 potions of heal wounds {unknown}
 i - a potion of attraction {unknown}
 k - a potion of mutation {unknown}
 n - 3 potions of curing {unknown}


   Skills:
 + Level 4.8 Fighting
 + Level 3.8 Polearms
 * Level 1.2 Armour
 + Level 3.2 Dodging
 + Level 0.4 Stealth


You had 3 spell levels left.
You didn't know any spells.
Your spell library was empty.

Dungeon Overview and Level Annotations

Branches:
Dungeon (3/15)

Altars:

Shops:
D:3 *


Innate Abilities, Weirdness & Mutations

You are too large for most types of armour.
You have tough skin. (AC +1)


Message History

The orc is lightly wounded.
The orc priest hits you with a +0 hand axe.
The orc priest mumbles some strange prayers to Beogh against you.
Beogh smites you! The orc hits you but does no damage.
You are too injured to fight recklessly!
You hit the orc but do no damage.
The orc is lightly wounded.
A red film seems to cover your vision as you go berserk!
You feel yourself moving faster!
You feel mighty!
The orc priest hits you with a +0 hand axe.
The orc priest invokes the aid of Beogh against you.
Beogh smites you!
* * * LOW HITPOINT WARNING * * *
The orc hits you with a +0 dagger.
* * * LOW HITPOINT WARNING * * *
You hit the orc.
The orc is heavily wounded.
The orc priest hits you with a +0 dagger.
* * * LOW HITPOINT WARNING * * *
The orc priest barely misses you. The orc misses you.
You hit the orc.
The orc is severely wounded.
The orc hits you but does no damage.
The orc priest hits you with a +0 dagger.
* * * LOW HITPOINT WARNING * * *
The orc priest closely misses you.
You barely miss the orc.
The orc is severely wounded.
You hit the orc.
You kill the orc!
Trog accepts your kill.
The orc priest hits you with a +0 dagger.
* * * LOW HITPOINT WARNING * * *
The orc priest hits you with a +0 hand axe.
* * * LOW HITPOINT WARNING * * *
Unknown command.
You puncture the orc priest!
The orc priest is almost dead.
The orc priest hits you with a +0 dagger.
You die...

...... #..... .....
#...# ...# ######.)#
#######........oo#######
...>..#.########@).....#
......#................#
(†......######.........#
........### #...$.....#
........... +>).......#
......#.## #.........#
......# #.........#
......# ####.........##
......###
#..............


You could see 2 orc priests.

Vanquished Creatures
  2 adders (D:2)
  3 gnolls (D:2)
  A dart slug (D:3)
  4 orcs (D:3)
  A ball python (D:2)
  A bat (D:2)
  7 endoplasms
  2 giant cockroaches (D:2)
  2 goblins
  4 hobgoblins
  6 frilled lizards
  4 kobolds
  5 rats
42 creatures vanquished.

Notes
Turn   | Place    | Note
-------+----------+-------------------------------------------
     0 | D:1      | Alitron123 the Ogre Berserker began the quest for the Orb.
     0 | D:1      | Reached XP level 1. HP: 24/24 MP: 1/1
   247 | D:1      | Reached XP level 2. HP: 23/32 MP: 2/2
   498 | D:1      | Found a faded altar of an unknown god.
  1132 | D:2      | Reached XP level 3. HP: 34/40 MP: 3/3
  1138 | D:2      | Reached skill level 1 in Armour
  1397 | D:2      | Reached XP level 4. HP: 43/49 MP: 4/4
  1997 | D:3      | Found Jicaruwn's Assorted Antiques.
  2061 | D:3      | HP: 1/73 [orc priest/+0 hand axe (3)]
  2062 | D:3      | Slain by an orc priest

Illustrated notes

Levels and vault maps discovered:
D:1:      dpeg_arrival_simpleton_a, layout_loops_corners, basic_ecumenical_altar
D:2:      layout_loops_ring
D:3:      layout_basic, serial_shops, shop, ebering_ghost_sewer_f,
          minmay_misc_feat_more_columns, grunt_decor_mini_mirrors, st_stairs_10,
          minmay_quadrilaterals

Skill      XL: |  1  2  3 |
---------------+----------+-----
Dodging        | 3 |  3.2
Armour         | 1 |  1.2
Fighting       | |  4.8
Polearms       | |  3.8
Stealth        | |  0.4

Action                   |  1- 3 |  4- 6 || total
-------------------------+-------+-------++-------
Melee: Spear             |    88 |    72 ||   160
       Punch             |       |     2 ||     2
Invok: Berserk           |     1 |     1 ||     2
 Stab: Sleeping          |     1 |     1 ||     2
Armor: Animal skin       |    16 |    14 ||    30
Dodge: Dodged            |    33 |    28 ||    61

Table legend: (Time is in decaauts)
 A = Elapsed time spent in this place.
 B = Non-inter-level travel time spent in this place.
 C = Inter-level travel time spent in this place.
 D = Time resting spent in this place.
 E = Time spent auto-exploring this place.
 F = Levels seen in this place.
 G = Mean time per level.
                   A        B        C        D        E       F      G
               +--------+--------+--------+--------+--------+-----+--------+
         Total |   2055 |   1952 |    103 |      0 |   1646 |   3 |  685.0 |
       Dungeon |   2055 |   1952 |    103 |      0 |   1646 |   3 |  685.0 |
               +--------+--------+--------+--------+--------+-----+--------+

Top non-repeatable levels by time:
     D:1: 1058 daAuts
     D:2: 791 daAuts
     D:3: 206 daAuts
